 Dungeon Crawl Stone Soup version 0.28-a0-793-g31680bbd8b (webtiles) character file.

Game seed: 8416523256400437019

694 ytrimaz the Covered (level 7, -6/55 HPs)
             Began as a Demonspawn Fighter on Nov 4, 2021.
             Mangled by a wyvern skeleton (10 damage)
             ... on level 5 of the Dungeon.
             The game lasted 00:04:58 (5643 turns).

ytrimaz the Covered (Demonspawn Fighter)            Turns: 5643, Time: 00:05:00

Health: -6/55      AC:  7    Str: 18    XL:     7   Next: 37%
Magic:  7/7        EV: 10    Int:  9    God:
Gold:   440        SH:  5    Dex: 13    Spells: 6/6 levels left

rFire   . . .      SeeInvis .   g - +0 war axe
rCold   . . .      Faith    .   c - +0 buckler
rNeg    . . .      Spirit   .   b - +0 scale mail
rPois   .          Reflect  .   (no helmet)
rElec   .          Harm     .   (no cloak)
rCorr   .          Rampage  .   (gloves unavailable)
Will    .....                   (no boots)
Stlth   ..........              (no amulet)
HPRegen 0.18/turn               (no ring)
MPRegen 0.10/turn               (no ring)

@: no status effects
A: spiny 1, demonic touch 3
a: no special abilities


You were on level 5 of the Dungeon.
You visited 1 branch of the dungeon, and saw 7 of its levels.
You also visited: Ossuary.

You collected 440 gold pieces.

Inventory:

Hand Weapons
 g - a +0 war axe (weapon)
Armour
 b - a +0 scale mail (worn)
 c - a +0 buckler (worn)
Wands
 k - a wand of paralysis (2)
 o - a wand of polymorph (5)
Scrolls
 f - 4 scrolls of teleportation
 j - 2 scrolls of amnesia
 l - a scroll of fog
 m - a scroll of vulnerability
 n - 6 scrolls of identify
 s - a scroll of silence {unknown}
 t - 2 scrolls of magic mapping {unknown}
Potions
 a - a potion of lignification {unknown}
 d - 3 potions of might
 e - 3 potions of degeneration {unknown}
 h - a potion of resistance {unknown}
 i - a potion of cancellation {unknown}
 p - 3 potions of berserk rage {unknown}
 q - a potion of curing
 r - 2 potions of flight {unknown}
 u - a potion of mutation {unknown}


   Skills:
 + Level 4.7 Fighting
 - Level 1.7 Short Blades
 * Level 2.7 Axes
 + Level 5.0 Armour
 * Level 2.9 Dodging
 + Level 3.3 Shields
 - Level 0.8 Unarmed Combat


You had 6 spell levels left.
You didn't know any spells.
Your spell library contained the following spells:

 Spells                   Type           Power      Damage    Failure   Level
 Blink                    Tloc           0%         N/A       89%         2
 Corpse Rot               Necr/Air       0%         N/A       89%         2
 Poisonous Vapours        Pois/Air       0%         N/A       89%         2
 Lesser Beckoning         Tloc           0%         N/A       98%         3
 Manifold Assault         Tloc           0%         N/A       100%        5


Dungeon Overview and Level Annotations

Branches:
Dungeon (7/15)             Temple (0/1) D:6         Ossuary (visited)

Altars:
Ashenzari
Cheibriados
Dithmenos
Elyvilon
Wu Jian
Xom
The Shining One

Annotations:
D:3 1 runed translucent door, Crazy Yiuf
D:6 1 runed translucent door, siradein's ghost, novice GrFi


Innate Abilities, Weirdness & Mutations

You are partially covered in sharp spines.
Your touch may irresistibly damage your foes and sap their willpower.


Message History

You are poisoned.
The scorpion poisons you!
You hit the scorpion but do no damage.
You feel sick. The scorpion is struck by your spines. The scorpion stings you.
You block the scorpion's attack.
You barely miss the scorpion.
The scorpion is moderately wounded.
You feel sick. The scorpion is struck by your spines. The scorpion stings you.
You are more poisoned.
The scorpion poisons you!
g - a +0 war axe (weapon)
You feel sick.
You slash the scorpion!
You kill the scorpion!
* * * LOW HITPOINT WARNING * * *
You feel very sick.
Your Armour skill increases to level 5!
You feel better.
You see here a scorpion corpse.
Unknown command.
There is a stone staircase leading up here.
You climb upwards.
Found a bubbling cyan potion.
There is a stone staircase leading down here.
A wyvern skeleton is nearby!
You slash the wyvern skeleton!
The wyvern skeleton is moderately damaged.
The wyvern skeleton bites you!
* * * LOW HITPOINT WARNING * * *
The wyvern skeleton barely misses you.
You slash the wyvern skeleton!
The wyvern skeleton is severely damaged.
You block the wyvern skeleton's attack.
You barely miss the wyvern skeleton.
The wyvern skeleton is severely damaged.
The wyvern skeleton bites you.
* * * LOW HITPOINT WARNING * * *
The wyvern skeleton is struck by your spines.
The wyvern skeleton bites you!
You die...

### #.. # #.#
..
####!###.#.#
#...........
#>.# #.@#
#.....Z......
#.#.#.#......
# #.#.#.###.#
....# .
##.### ## #.


You could see a wyvern skeleton.

Vanquished Creatures
  A black bear (D:6)
  A scorpion (D:6)
  A water moccasin skeleton (D:6)
  A centaur skeleton (D:6)
  A hound (D:6)
  Jessica (D:2)
  Ijyb (D:3)
  Natasha (thrice) (D:3)
  An iguana (D:4)
  A hound skeleton (D:4)
  9 mummies
  6 adders
  2 shadow imps (D:6)
  2 ufetubi (D:6)
  An adder skeleton (D:4)
  7 dart slugs
  5 orcs (D:6)
  8 endoplasms
  2 giant cockroaches
  3 goblins
  3 hobgoblins
  3 quokkas
  5 ball pythons
  7 bats
  2 frilled lizards (D:1)
  A gnoll zombie (Ossuary)
  A goblin zombie (D:6)
  3 hobgoblin zombies (Ossuary)
  6 kobolds
  4 kobold zombies
  An orc zombie (Ossuary)
  6 rats
99 creatures vanquished.

Vanquished Creatures (others)
  An orc (D:7)
  2 fungi (D:3)
3 creatures vanquished.

Grand Total: 102 creatures vanquished

Notes
Turn   | Place    | Note
-------+----------+-------------------------------------------
     0 | D:1      | ytrimaz the Demonspawn Fighter began the quest for the Orb.
     0 | D:1      | Reached XP level 1. HP: 18/18 MP: 1/1
   292 | D:1      | Found a faded altar of an unknown god.
   306 | D:1      | Gained mutation: Your touch may inflict minor irresistible
                  | damage on your foes. [demonic ancestry]
   306 | D:1      | Reached XP level 2. HP: 23/24 MP: 2/2
   423 | D:1      | Reached skill level 3 in Armour
   979 | D:1      | Reached XP level 3. HP: 29/29 MP: 3/3
  1378 | D:2      | Found a shimmering altar of Xom.
  1437 | D:2      | Noticed Jessica
  1442 | D:2      | Killed Jessica
  1443 | D:2      | Reached skill level 1 in Dodging
  1531 | D:2      | Gained mutation: Your touch may inflict irresistible damage
                  | on your foes. [demonic ancestry]
  1531 | D:2      | Reached XP level 4. HP: 28/35 MP: 4/4
  2620 | D:3      | Noticed Natasha
  2627 | D:3      | Killed Natasha
  2631 | D:3      | Noticed Natasha
  2640 | D:3      | Killed Natasha
  2641 | D:3      | Gained mutation: You are partially covered in sharp spines.
                  | [demonic ancestry]
  2641 | D:3      | Reached XP level 5. HP: 16/42 MP: 5/5
  2713 | D:3      | Noticed Natasha
  2950 | D:3      | Noticed Ijyb
  2954 | D:3      | Reached skill level 4 in Armour
  2962 | D:3      | Paralysed by Ijyb for 2 turns
  2967 | D:3      | Paralysed by Ijyb for 7 turns
  2980 | D:3      | Killed Ijyb
  3056 | D:3      | Killed Natasha
  3273 | D:3      | Found a runed translucent door.
  3274 | D:3      | Noticed Crazy Yiuf
  3538 | D:4      | Found a shadowy altar of Dithmenos.
  3569 | D:4      | Found an ornate altar of the Wu Jian Council.
  3676 | D:4      | Reached XP level 6. HP: 43/48 MP: 6/6
  3925 | D:4      | Found a broken altar of Ashenzari.
  3926 | D:4      | You fall into a shaft and drop 3 floors!
  3939 | D:7      | Found a snail-covered altar of Cheibriados.
  3989 | D:6      | Found a runed translucent door.
  3989 | D:6      | Noticed siradein's ghost (novice GrFi)
  4177 | D:6      | Found a staircase to the Ecumenical Temple.
  4271 | D:6      | Found a sand-covered staircase.
  4277 | Ossuary  | Entered an ossuary
  4324 | Ossuary  | HP: 1/49 [mummy (13)]
  4328 | Ossuary  | Reached skill level 1 in Axes
  5418 | D:6      | Gained mutation: Your touch may irresistibly damage your
                  | foes and sap their willpower. [demonic ancestry]
  5418 | D:6      | Reached XP level 7. HP: 41/55 MP: 7/7
  5634 | D:6      | Reached skill level 5 in Armour
  5639 | D:5      | Entered Level 5 of the Dungeon
  5643 | D:5      | Mangled by a wyvern skeleton

Illustrated notes

Levels and vault maps discovered:
D:1:      erik_arrival_orb_chamber, layout_basic,
          ebering_ecumenical_altar_sacrificial
D:2:      layout_loops_corners, basic_altar, uniq_jessica
D:3:      layout_rooms, uniq_natasha, uniq_crazy_yiuf_cottage, uniq_ijyb
D:4:      layout_rooms, tso_oasis_becter, elyvilon_altar_4,
          mainiacjoe_overflow_brackets, evilmike_ruin_ashenzari,
          grunt_dithmenos_smoke_and_mirrors, serial_shops, shop, st_stairs_9
D:5:      layout_loops_cross, lemuel_coloured_pillars_altar
D:6:      layout_loops_cross, eat_drink_and_be_merry_uskayaw,
          minmay_temple_entry_metal_lava, nicolae_ossuary_entry_giza,
          hellmonk_ghost_happy_afterlife, uniq_prince_ribbit1
D:7:      layout_basic, mainiacjoe_overflow_cross_hatched,
          nicolae_kikubaaqudgha_miasma_corner, serial_shops,
          nicolae_take_the_stairs, chequers_arboretum, uniq_maggie

Skill      XL: |  1  2  3  4  5  6  7 |
---------------+----------------------+-----
Armour         | 3 4 5 |  5.0
Shields        | 3 |  3.3
Dodging        | 1 2 |  2.9
Fighting       | 4 |  4.7
Axes           | 1 2 |  2.7
Short Blades   | |  1.7
Unarmed Combat | |  0.8

Action                   |  1- 3 |  4- 6 |  7- 9 || total
-------------------------+-------+-------+-------++-------
Melee: Rapier            |    78 |   135 |       ||   213
       Unarmed           |       |     6 |    13 ||    19
       War axe           |       |    49 |    12 ||    61
  Use: Scroll            |       |     5 |       ||     5
       Potion            |       |     2 |     1 ||     3
Armor: Scale mail        |    35 |    55 |    13 ||   103
Dodge: Dodged            |    30 |    83 |    19 ||   132
Block: Buckler           |    13 |    33 |    10 ||    56

Table legend: (Time is in decaauts)
 A = Elapsed time spent in this place.
 B = Non-inter-level travel time spent in this place.
 C = Inter-level travel time spent in this place.
 D = Time resting spent in this place.
 E = Time spent auto-exploring this place.
 F = Levels seen in this place.
 G = Mean time per level.
                   A        B        C        D        E       F      G
               +--------+--------+--------+--------+--------+-----+--------+
         Total |   5701 |   5641 |     60 |   1479 |   3318 |   8 |  712.6 |
       Dungeon |   4563 |   4503 |     60 |    569 |   3205 |   7 |  651.9 |
       Ossuary |   1138 |   1138 |      0 |    910 |    113 |   1 | 1138.0 |
               +--------+--------+--------+--------+--------+-----+--------+

Top non-repeatable levels by time:
     D:1: 1338 daAuts
 Ossuary: 1138 daAuts
     D:3: 1129 daAuts
     D:2: 1099 daAuts
     D:6: 572 daAuts
     D:4: 391 daAuts
     D:7: 27 daAuts
     D:5: 4 daAuts
